Cogmind - Beta 16 @@@ ROGUE MODE // 2025.10.31 @ 12:35:48 Player: ChromeKnight Result: Self-destructed Performance ------------- Evolutions (0) 0 Regions Visited (4) 800 Robots Destroyed (15) 75 Value Destroyed (230) 230 Prototype IDs (0) 0 Alien Tech Used (0) 0 Bonus (0) 0 TOTAL SCORE: 1105 Bonus ------- None Cogmind --------- Core Integrity 74/250 Matter 275/300 Energy 112/265 System Corruption 1% Temperature Warning (381) Movement Treading (240) Ox1 Location -9/Mines Parts ------- > --- POWER (1) -------- Improved Ion Engine > --- PROPULSION (2) --- Light Treads Light Treads > --- UTILITY (2) ------ High-capacity Storage Unit Targeting Computer > --- WEAPON (2) ------- Spread Laser Spread Laser > --- INVENTORY (20) --- Improved Ion Engine Light Deuterium Engine Light Treads Heat Sink High-capacity Battery (250) Compact Matter Pod (150) Power Shielding Light Armor Plating Improved Light Armor Plating Shock Absorption System Spread Laser Spread Laser Makeshift Shrapnel Gun Grenade Launcher Rocket Launcher Mace Peak State ------------ > --- POWER ------------ Improved Ion Engine > --- PROPULSION ------- Light Treads Light Treads > --- UTILITY ---------- High-capacity Storage Unit Targeting Computer > --- WEAPON ----------- Spread Laser Spread Laser > --- INVENTORY -------- Improved Ion Engine Improved Ion Engine Light Deuterium Engine Light Treads Light Treads Heat Sink High-capacity Battery Compact Matter Pod Power Shielding Light Armor Plating Improved Light Armor Plating Shock Absorption System Spread Laser Spread Laser Makeshift Shrapnel Gun Grenade Launcher Rocket Launcher Mace [Rating: 13] Favorites ----------- Power Improved Ion Engine Engine Improved Ion Engine Propulsion Light Treads Treads Light Treads Utility Targeting Computer Storage High-capacity Storage Unit Processor Targeting Computer Weapon EM Pulse Gun Energy Gun EM Pulse Gun Build | -11 -10 -10 -10 -9 ------- Run | Yrd Mat Min Exi Min Slots Evolved . | . . . . . Power . | . . . . . Propulsion . | . . . . . Utility . | . . . . . Weapon . | . . . . . Parts Attached 18 | 6 6 3 . 3 Power 4 | 1 2 . . 1 Engine 4 | 1 2 . . 1 Core . | . . . . . Reactor . | . . . . . Propulsion 3 | 2 . 1 . . Treads 3 | 2 . 1 . . Leg . | . . . . . Wheel . | . . . . . Hover . | . . . . . Flight . | . . . . . Utility 4 | 1 2 1 . . Device . | . . . . . Storage 3 | 1 1 1 . . Processor 1 | . 1 . . . Hackware . | . . . . . Protection . | . . . . . Artifact . | . . . . . Weapon 7 | 2 2 1 . 2 Energy Gun 7 | 2 2 1 . 2 Energy Cannon . | . . . . . Ballistic Gun . | . . . . . Ballistic Cannon . | . . . . . Launcher . | . . . . . Special Weapon . | . . . . . Impact Weapon . | . . . . . Slashing Weapon . | . . . . . Piercing Weapon . | . . . . . Special Melee Weapon . | . . . . . Unidentified Prototypes . | . . . . . Parts Lost 4 | . . . . 4 Power 1 | . . . . 1 Propulsion 1 | . . . . 1 Utility . | . . . . . Weapon 2 | . . . . 2 Highest Loss Streak 4 | . . . . 4 To Critical Strikes . | . . . . . Average Backups 15 | . 8 17 20 19 Power 2 | . 2 2 3 2 Propulsion 1 | . . 1 2 1 Utility 4 | . . 5 7 7 Weapon 6 | . 4 7 8 7 Tool/Special . | . . . . . Unused Backups 17 | . . 1 . 16 Power 2 | . . . . 2 Propulsion 1 | . . . . 1 Utility 8 | . . 1 . 7 Weapon 6 | . . . . 6 Tool/Special . | . . . . . Average Slot Usage (%) 98 | . 92 100 100 99 Engine 13 | . 14 14 14 13 Treads 28 | . 28 28 28 28 Storage 14 | . 14 14 14 14 Processor 12 | . 7 14 14 14 Energy Gun 27 | . 27 28 28 28 Peak Build Rating 13 | 6 9 12 12 13 Average Rating 10 | 4 8 10 12 12 On Entrance 7 | . 6 9 12 12 Avg Prop Armor Cover (%) . | . . . . . Naked Turns . | . . . . . Heaviest Build 53 | 12 31 51 51 53 Greatest Support 40 | 40 40 40 40 40 Greatest Overweight (x) 1 | . . 1 1 1 Average Overweight (x) . | . . . 1 1 Largest Inventory Capacity 20 | 8 15 20 20 20 Average Capacity 16 | 6 10 17 20 20 Most Carried 20 | . 11 20 20 20 Average Carried 15 | . 8 17 20 19 Final Capacity 20 | 8 15 20 20 20 Final Carried 20 | . 11 20 20 16 Class Distribution -------------------- 100% | Mutant Dominant Class ---------------- Mutant | -10/Materials Mutant | -10/Mines Mutant | -10/Exiles Mutant | -9/Mines Resources | -11 -10 -10 -10 -9 ----------- Run | Yrd Mat Min Exi Min Matter Collected 376 | 230 80 66 . . Remotely . | . . . . . Salvage Created 469 | . 164 169 . 136 Parts 17 | . 4 6 . 7 Haulers Intercepted 1 | . 1 . . . Recyclers Shooed . | . . . . . Parts Field Recycled . | . . . . . Retrieved Matter . | . . . . . Parts Self-Destructed . | . . . . . Prevented . | . . . . . Parts Restored . | . . . . . Kills | -11 -10 -10 -10 -9 ------- Run | Yrd Mat Min Exi Min Combat Hostiles Destroyed 11 | . 2 5 . 4 Guns 11 | . 2 5 . 4 Classes Destroyed 5 | . 3 2 . . Worker 2 | . . 1 . 1 Hauler 1 | . 1 . . . Watcher 1 | . 1 . . . Swarmer 6 | . . 3 . 3 Grunt 4 | . 2 2 . . Best Kill Streak 4 | . 2 4 . 4 Combat Bots Only 3 | . 2 3 . 3 Max Kills in Single Turn 2 | . 1 2 . 2 Gunslinging . | . . . . . Exploded . | . . . . . Melee . | . . . . . Uniques/NPCs Destroyed 1 | . . . . 1 YI-UF0 (-9/Mines) Combat | -11 -10 -10 -10 -9 -------- Run | Yrd Mat Min Exi Min Hostile Shots Fired 68 | . 14 14 . 40 Missed 20 | . 1 2 . 17 Hits 48 | . 13 12 . 23 Projectile 48 | . 13 12 . 23 AOE 17 | . . . . 17 Critical Strikes 1 | . . 1 . . Damage Taken 889 | . 139 164 . 586 Core 176 | . 32 . . 144 Absorbed by Shields . | . . . . . Core Remaining (%) 100 | 100 . . . . Volleys Fired 35 | . 13 10 . 12 Largest 2 | . 2 2 . 2 Hottest 130 | . 100 80 . 130 Shots Fired 69 | . 26 20 . 23 Gun 69 | . 26 20 . 23 Cannon . | . . . . . Launcher . | . . . . . Special . | . . . . . Kinetic . | . . . . . Thermal 36 | . 22 . . 14 Explosive . | . . . . . Electromagnetic 33 | . 4 20 . 9 Robot Hit Streak 5 | . 5 4 . 4 Robot Miss Streak 5 | . 2 2 . 5 Penetration Max . | . . . . . Secondary Targets 3 | . . 2 . 1 Max Gunslinging Chain 1 | . . 1 . 1 Shots Hit Robots 47 | . 16 14 . 17 Core Hits 34 | . 7 10 . 17 Critical Kills . | . . . . . Critical Parts Destroyed . | . . . . . Critical Strikes 2 | . 2 . . . Burn 2 | . 2 . . . Melee Attacks . | . . . . . Impact . | . . . . . Slashing . | . . . . . Piercing . | . . . . . Sneak Attacks . | . . . . . Combat Hostiles . | . . . . . Follow-up Attacks . | . . . . . Damage Inflicted 690 | . 219 234 . 237 Guns 643 | . 219 187 . 237 Cannons . | . . . . . Explosions 47 | . . 47 . . Melee . | . . . . . Ramming . | . . . . . Kinetic . | . . . . . Thermal 370 | . 173 47 . 150 Explosive . | . . . . . Electromagnetic 320 | . 46 187 . 87 Impact . | . . . . . Slashing . | . . . . . Piercing . | . . . . . Highest Corruption 1 | . 1 1 1 1 Average Corruption 1 | . 1 1 1 1 Corruption Purged . | . . . . . Corruption Blocked . | . . . . . Effects 11 | . . 9 2 . Message Errors 2 | . . 1 1 . Matter Fused 4 | . . 4 . . Heat Flow Errors 1 | . . 1 . . Energy Discharges 2 | . . 1 1 . Data Loss (minor) 2 | . . 2 . . Overload Shots . | . . . . . Overflow Damage 3 | . . 3 . . Projectiles . | . . . . . Explosions 3 | . . 3 . . Melee . | . . . . . Knockbacks . | . . . . . Impact . | . . . . . Kinetic . | . . . . . Secondary . | . . . . . Self-Inflicted Damage 33 | . . 33 . . Shots 1 | . . 1 . . Rammed . | . . . . . Targets Rammed . | . . . . . Kicked . | . . . . . Crushed . | . . . . . Highest Temperature 396 | . 396 156 . 381 Average Temperature 117 | . 147 67 . 132 Received Heat Transfer 138 | . 78 60 . . Effects 2 | . 2 . . . Shutdowns 1 | . 1 . . . Interference 1 | . 1 . . . Siege Activations . | . . . . . Martial Activations . | . . . . . Shielding Activations . | . . . . . Robots Disrupted . | . . . . . Combat Hostiles . | . . . . . Robots Corrupted . | . . . . . Combat Hostiles . | . . . . . Parts Fried 1 | . . . . 1 Impact Corruptions . | . . . . . Robots Melted . | . . . . . Combat Hostiles . | . . . . . Parts Melted 3 | . 3 . . . Heat Transferred 951 | . 666 100 . 185 Parts Sabotaged . | . . . . . Parts Stolen . | . . . . . Parts Stripped . | . . . . . Power Chain Reactions 1 | . . 1 . . Alert | -11 -10 -10 -10 -9 ------- Run | Yrd Mat Min Exi Min Maximum Alert Level . | . . . . . Low Security (%) 100 | 100 100 100 . 100 Level 1 . | . . . . . Level 2 . | . . . . . Level 3 . | . . . . . Level 4 . | . . . . . Level 5 . | . . . . . High Security . | . . . . . Max Security . | . . . . . Peak Influence 75 | . 40 69 . 75 Initial . | . . . . . Average 5 | . 3 4 . 24 Influence Increases 263 | . 59 129 . 75 Destroy 0b10 Robot/C 200 | . 40 100 . 60 Destroy 0b10 Robot/NC 20 | . 10 5 . 5 Destroy Leader 34 | . 4 20 . 10 Successful Hack 5 | . 5 . . . Destroy Structure 4 | . . 4 . . Influence Decreases 263 | . 59 129 . 75 Time Decay 243 | . 59 129 . 55 Lost Part 20 | . . . . 20 Squads Dispatched 1 | . 1 . . . Investigation 1 | . 1 . . . Extermination . | . . . . . Reinforcement . | . . . . . Assault . | . . . . . Garrison . | . . . . . Intercept . | . . . . . Searches Triggered . | . . . . . Construction Impeded . | . . . . . Haulers Reinforced . | . . . . . Active Scanning Responses . | . . . . . Cargo Convoy Interrupts . | . . . . . Stealth | -11 -10 -10 -10 -9 --------- Run | Yrd Mat Min Exi Min Distress Signals 1 | . . 1 . . Communications Jammed . | . . . . . Distress Signals . | . . . . . Times Spotted 15 | . 4 7 . 4 Peak Tracking Total 3 | . 2 2 . 3 Tactical Retreats . | . . . . . Traps | -11 -10 -10 -10 -9 ------- Run | Yrd Mat Min Exi Min Traps Triggered . | . . . . . Indirectly . | . . . . . Trap Hack Attempts . | . . . . . Triggered . | . . . . . Disarmed . | . . . . . Reprogrammed . | . . . . . Reused . | . . . . . Traps Extracted . | . . . . . Installed . | . . . . . Triggered . | . . . . . Machines | -11 -10 -10 -10 -9 ---------- Run | Yrd Mat Min Exi Min Machines Disabled . | . . . . . Max in Single Turn . | . . . . . Machines Repaired . | . . . . . Machines Dismantled . | . . . . . Machines Sabotaged . | . . . . . Overloaded Fab Kills . | . . . . . Hacking | -11 -10 -10 -10 -9 --------- Run | Yrd Mat Min Exi Min Machines Accessed 2 | . 2 . . . Terminals 2 | . 2 . . . Fabricators . | . . . . . Repair Stations . | . . . . . Recycling Units . | . . . . . Scanalyzers . | . . . . . Garrison Access . | . . . . . Total Hacks 8 | . 8 . . . Successful 2 | . 2 . . . Failed 6 | . 6 . . . Catastrophic . | . . . . . Database Lockouts . | . . . . . Manual 2 | . 2 . . . Terminals 8 | . 8 . . . Fabricators . | . . . . . Repair Stations . | . . . . . Recycling Units . | . . . . . Scanalyzers . | . . . . . Garrison Access . | . . . . . Terminal Hacks 2 | . 2 . . . Zone Layout 2 | . 2 . . . Fabricator Hacks . | . . . . . Repair Station Hacks . | . . . . . Recycling Unit Hacks . | . . . . . Scanalyzer . | . . . . . Garrison Access Hacks . | . . . . . Unauthorized Hacks . | . . . . . Terminals . | . . . . . Fabricators . | . . . . . Repair Stations . | . . . . . Recycling Units . | . . . . . Scanalyzers . | . . . . . Garrison Access . | . . . . . Data Cores Recovered . | . . . . . Used . | . . . . . Hacking Detections 2 | . 2 . . . Full Trace Events 1 | . 1 . . . Feedback Events 1 | . 1 . . . Corruption 1 | . 1 . . . Feedback Blocked . | . . . . . Robot Schematics Acquired . | . . . . . Robots Built . | . . . . . Authchips . | . . . . . Time . | . . . . . Total Robot Build Rating . | . . . . . Part Schematics Acquired . | . . . . . Parts Built . | . . . . . Authchips . | . . . . . Time . | . . . . . Total Part Build Rating . | . . . . . Part Studies Acquired . | . . . . . Parts Repaired . | . . . . . Time . | . . . . . Parts Recycled . | . . . . . Recycled Matter . | . . . . . Retrieved Matter . | . . . . . Retrieved Components . | . . . . . Parts Scanalyzed . | . . . . . Part Schematics Acquired . | . . . . . Parts Damaged . | . . . . . Bothacking | -11 -10 -10 -10 -9 ------------ Run | Yrd Mat Min Exi Min Used RIF Installer . | . . . . . Robots Hacked . | . . . . . Non-combat . | . . . . . Combat . | . . . . . Robot Hacks Applied . | . . . . . Relay Couplers Released . | . . . . . Fabnet Peak Effective % . | . . . . . Robots Rewired . | . . . . . Allies Hacked . | . . . . . Hacks Repelled . | . . . . . Allies | -11 -10 -10 -10 -9 -------- Run | Yrd Mat Min Exi Min Total Allies . | . . . . . Largest Group . | . . . . . Highest-Rated Group . | . . . . . Highest-Rated Ally . | . . . . . Total Orders . | . . . . . Ally Attacks . | . . . . . Total Damage . | . . . . . Kills . | . . . . . Allies Corrupted . | . . . . . Allies Melted . | . . . . . Intel | -11 -10 -10 -10 -9 ------- Run | Yrd Mat Min Exi Min Active Infowar (turns) . | . . . . . Robot Analysis Total . | . . . . . Derelict Logs Recovered 3 | . . 2 . 1 Drone Launches . | . . . . . Drone Recoveries . | . . . . . Exploration | -11 -10 -10 -10 -9 ------------- Run | Yrd Mat Min Exi Min Turns Passed 2931 | 77 567 1969 113 205 Spaces Moved 1072 | 49 273 634 48 68 Core 8 | 8 . . . . Treads 1064 | 41 273 634 48 68 Legs . | . . . . . Wheels . | . . . . . Hover . | . . . . . Flight . | . . . . . Fastest Speed 50 | 50 160 160 240 240 Average Speed 200 | 142 160 215 240 240 Slowest Speed 240 | 160 160 240 240 240 Overloaded Moves . | . . . . . Propulsion Burnouts . | . . . . . Robots Hopped . | . . . . . Potential Cave-ins . | . . . . . Cave-ins Triggered . | . . . . . Exploration Rate (%) 34 | 3 43 96 10 21 Regions Visited 4 Branch Regions 3 Pre-discovered Areas 2 | . . 1 . 1 Known Exits Taken . | . . . . . Unknown Exits Taken 4 | 1 1 1 1 . Scrap Searched 2 | . . 1 . 1 Spaces Dug . | . . . . . Terrain Destroyed 4 | . . 4 . . Melee . | . . . . . Projectile . | . . . . . AOE 4 | . . 4 . . Terrain Rammed . | . . . . . Walls Destroyed . | . . . . . Machines Disabled . | . . . . . Actions | -11 -10 -10 -10 -9 --------- Run | Yrd Mat Min Exi Min Total 1780 | 54 377 1216 47 86 Wait 628 | . 69 557 . 2 Move 1068 | 48 272 633 47 68 Hop . | . . . . . Pick Up 22 | . 12 10 . . Fast Attach 9 | 6 3 . . . Attach 4 | . . . . 4 Detach . | . . . . . Swap 6 | . 3 3 . . Drop 8 | . 5 3 . . Fire 35 | . 13 10 . 12 Melee . | . . . . . Ram . | . . . . . Kick . | . . . . . Crush . | . . . . . Escape Stasis . | . . . . . Rewire . | . . . . . Trap . | . . . . . Miscellaneous . | . . . . . Route ------- -11/Scrapyard -10/Materials (discovered 2 exits: [*Mat] / [*Min]) -10/Mines (discovered 3 exits: [*Mat x2] / [*Exi]) -10/Exiles -9/Mines History --------- Turn | Location | Event 18 | -11/Scrapyard | Discovered new exit (range 15) 78 | -11/Scrapyard | Entered Materials 316 | -10/Materials | Build established: Mutant 373 | -10/Materials | Discovered new exit (range 16) 613 | -10/Materials | Discovered new exit (range 8) 645 | -10/Materials | Entered Mines 645 | -10/Mines | Discovered new exit (range 10) 717 | -10/Mines | Joined a pair of Derelicts in attacking an 0b10 outpost 851 | -10/Mines | Discovered new exit (range 10) 905 | -10/Mines | Assembled infested the area 1648 | -10/Mines | Received a Rocket Launcher from a helpful Derelict 1821 | -10/Mines | A weapon hastily lodged in a ceiling crevice suddenly fell to the ground 2402 | -10/Mines | Learned Materials security intel 2489 | -10/Mines | Found a hidden stash of uninstalled traps 2604 | -10/Mines | Discovered new exit (range 5) 2614 | -10/Mines | Entered Exiles 2650 | -10/Exiles | Discovered new exit (range 15) 2679 | -10/Exiles | Met 8R-AWN 2727 | -10/Exiles | Entered Mines 2728 | -9/Mines | Learned location of Storage (-9) 2749 | -9/Mines | Learned Materials emergency access door positions 2919 | -9/Mines | Core integrity fell below 50% 2923 | -9/Mines | Destroyed YI-UF0 2932 | -9/Mines | Self-destructed Last Messages --------------- 02894_ R-06 Scavenger destroyed. 02894_ Seismic Survey Station disabled. 02896_ EM Pulse Gun destroyed. 02906_ The unstable cave ceiling collapses. 02908_ Imp. Ion Engine destroyed. 02908_ K-01 Serf destroyed. 02909_ K-01 Serf collects debris. 02910_ Lgt. Treads destroyed. 02912_ YI-UF0 mumbles something. 02912_ The unstable cave ceiling collapses. 02912_ K-01 Serf collects debris. 02914_ The unstable cave ceiling collapses. 02923_ YI-UF0 destroyed. 02927_ U-05 Engineer builds a Wall. 02928_ The unstable cave ceiling collapses. 02929_ U-05 Engineer lays Concrete. 02930_ The unstable cave ceiling collapses. 02930_ U-05 Engineer lays Concrete. 02931_ The unstable cave ceiling collapses. 02931_ U-05 Engineer lays Concrete. Map ----- +----------------------------------------------------+ | ??????????????????????????????????????######?# % | | ?????????????????????????????????????## ####! | | ??????????????????????????????????#### ### | | ??????????????????????????????????# % | | ??????????????????????????????????# # | | ??????????????????????????????????# #### % # | | ???????????????????????????????????????## ## | | ????????????????????????????????????????# #%##? | | ????????????????????????????????????????# ## #?? | | ????????????????????????????????????????# ### #?? | | ????????????????????????????????????????# #?# #?? | | ?????????????????????????????????????#### #?# ### | | ?????????????????????????????????????# #?# | | ?????????????????????????????????????# ##?##### | | ?????????????????????????######???#### ####??????# | | ????????????????????????## ###?# #?????????# | | ????????????????????????# ### #?????????# | | ????????????????????????# ## ###?????????# | | ????????????????????????# = #???????????# | | ????????????????????????# #??????###??# | | ??????????????????????### ###?????## #### | | ?????????????????????## # ##????## | | ???????????##?????#### # #???## #### | | ???????????? # #???# ##?? | | ????????????????# #???# #?? | | ??????????????# # @ #???## #?? | | ??????????????### #????## ##?? | | ???????????? # # % # # #????####??? | | ???????????? #?# #?????????? | | ??????????? u r ## ###??# ##?????????? | | ???????????? # ####??####?????###??????????? | | ?????????????# # ##????????????????????????????? | | ????????????? * ???????????????????????????????? | | ?????????????## ????????????????????????????????? | | ??????????????# ?????????????????????????????????? | | ??????????????#??????????????????????????????????? | | ?????????????????????????????????????????????????? | | ?????????????????????????????????????????????????? | | ?????????????????????????????????????????????????? | | ?????????????????????????????????????????????????? | | ?????????????????????????????????????????????????? | | ?????????????????????????????????????????????????? | | ?????????????????????????????????????????????????? | | ?????????????????????????????????????????????????? | | ?????????????????????????????????????????????????? | | ?????????????????????????????????????????????????? | | ?????????????????????????????????????????????????? | | ?????????????????????????????????????????????????? | | ?????????????????????????????????????????????????? | | ?????????????????????????????????????????????????? | +----------------------------------------------------+ Best States ------------- Heat Dissipation 25 Energy Generation 12 Energy Capacity 265 Matter Stores 300 Matter Capacity 300 Sight Range 16 Terrain Scan Density 10 Evasion (%) 40 Targeting Accuracy 5 Recoil Reduction 2 Item Schematics ----------------- None Robot Schematics ------------------ None Fabricated ------------ Nothing Repaired ---------- Nothing Studied --------- None Alien Tech Used ----------------- None Achievements -------------- None Challenges ------------ None Game ------ Seed SlugCoilLog Manual? 0 Play Time 00:08:59 Cumulative 495.9 hours Start 2025.10.31 @ 12:27:17 End 2025.10.31 @ 12:35:48 Sessions 1 Manual Loads 0 Difficulty Rogue Special Mode None Game No. 827 Rogue 672 Adventurer 148 Explorer 7 Win Type - Total 24 Types 19/1/3/1/0/0/0/0/0/0 Lore% 72 Gallery% 77 Achievement% 59 Wizard Run 0 Options --------- Layout 1 ASCII 0 Keyboard 0 Movement Numpad Keybinds 0 Fullscreen 2 Font 24/Smallcaps Map View 50x35 Zoom Use 0% Tactical HUD 1 Map Filters NONE Filters NONE Steam 1 RUN: 9c8eaacb-2a66-4916-88a7-47d2bf71f3be